AoeStats
← 钓鱼佬

Arabia

508811857Analyzed
1v1 RM · 8d ago on Sep 24, 2026· 20m 42s· 2 players
Game mode
Random Map
Map size
Tiny (2 player)
Population
200
Speed
Normal
Resources
Standard
Victory
Conquest
Starting age
Dark Age
Ending age
Imperial Age
RankedLock teamsTeams togetherTeam positionsShared explorationLock speedFull tech treeHidden civsTurbo modeCheats
Victory
Defeat
🇨🇳 Vikings · China
1571
+15
🇺🇸 Mongols · United States
1550
-15
MongolMania
7:41 Loom
10:16 Feudal Age
12:41 Double-Bit Axe
15:08 Castle Age
13:33 Horse Collar
15:02 Scale Barding Armor
15:39 Bloodlines
20:09 Forging
钓鱼佬
9:47 Loom
10:12 Loom
12:30 Feudal Age
16:46 Castle Age
15:44 Scale Mail Armor
16:22 Forging
16:44 Horse Collar
Connection lost

Rejoining the realm…

Still unreachable

The connection could not be restored.

Session expired

The server has moved on; the page needs a fresh start.